 Dungeon Crawl Stone Soup version 0.28.0-53-g5a82cb258f (webtiles) character file.

Game seed: 17311907762236456307

639 Zeld the Magician (level 7, -11/57 HPs)
             Began as a Purple Draconian Transmuter on May 21, 2022.
             Was an Initiate of Gozag.
             Succumbed to Edmund's poison
             ... on level 5 of the Dungeon.
             The game lasted 00:04:58 (6988 turns).

Zeld the Magician (Purple Draconian Transmuter)     Turns: 6988, Time: 00:04:58

Health: -11/57     AC:  2    Str: 14    XL:     7   Next: 25%
Magic:  14/14      EV: 20    Int: 13    God:    Gozag
Gold:   276        SH:  0    Dex: 17    Spells: 1/16 levels left

rFire   . . .      SeeInvis +     - Unarmed
rCold   . . .      Faith    .   (shield currently unavailable)
rNeg    . . .      Spirit   .   (armour unavailable)
rPois   x          Reflect  .   (helmet currently unavailable)
rElec   .          Harm     .   (cloak currently unavailable)
rCorr   .          Rampage  .   (gloves currently unavailable)
Will    ++...                   (boots currently unavailable)
Stlth   ++........              j - amulet of magic regeneration
HPRegen 0.19/turn               e - ring of willpower
MPRegen 0.54/turn               i - ring of see invisible

@: lethally poisoned (-11 -> -74), spider-form, flying
A: venomous fangs, (breathe power), AC +6, tiny, unfitting armour,
(cold-blooded)
a: End Transformation, Renounce Religion, Potion Petition, Call Merchant, Bribe
Branch


You were on level 5 of the Dungeon.
You worshipped Gozag.
Gozag was aware of your devotion.
You were a venomous arachnid creature.
You visited 2 branches of the dungeon, and saw 6 of its levels.

You collected 317 gold pieces.
You paid 41 gold pieces to Gozag.

Inventory:

Jewellery
 e - a ring of willpower (left front leg)
 i - a ring of see invisible (right front leg)
 j - an amulet of magic regeneration (around neck)
Wands
 l - a wand of flame (22)
Scrolls
 g - a scroll of fog {unknown}
 h - 7 scrolls of identify {unknown}
 k - 2 scrolls of teleportation {unknown}
 m - 3 scrolls of enchant armour {unknown}
 o - 2 scrolls of magic mapping {unknown}
 p - a scroll of vulnerability {unknown}
 r - a scroll of holy word {unknown}
Potions
 a - a potion of ambrosia {unknown}
 b - a potion of heal wounds {unknown}
 d - a potion of degeneration {unknown}
 f - 2 potions of flight
 n - 2 potions of lignification {unknown}
 q - 2 potions of magic {unknown}


   Skills:
 + Level 3.2 Fighting
 + Level 3.0 Dodging
 - Level 3.0 Unarmed Combat
 * Level 5.2 Spellcasting
 * Level 4.5 Transmutations
 - Level 2.0 Ice Magic
 - Level 2.0 Poison Magic


You had one spell level left.
You knew the following spells:

 Your Spells              Type           Power      Damage    Failure   Level
a - Beastly Appendage     Tmut           30%        N/A       11%         1
b - Wereblood             Tmut           15%        N/A       13%         2
c - Spider Form           Tmut/Pois      11%        N/A       32%         3
d - Ice Form              Ice/Tmut       11%        N/A       65%         4
e - Blade Hands           Tmut           7%         N/A       82%         5

Your spell library contained the following spells:

 Spells                   Type           Power      Damage    Failure   Level
 Irradiate                Conj/Tmut      4%         3d14      97%         5
 Dragon Form              Tmut           7%         N/A       100%        7


Dungeon Overview and Level Annotations

Branches:
Dungeon (5/15)             Temple (1/1) D:4

Altars:
Ashenzari
Cheibriados
Dithmenos
Elyvilon
Fedhas
Gozag
Hepliaklqana
Kikubaaqudgha
Makhleb
Nemelex Xobeh
Okawaru
Qazlal
Ru
Sif Muna
Trog
Uskayaw
Vehumet
Wu Jian
Xom
Yredelemnul
The Shining One

Annotations:
D:5 Edmund


Innate Abilities, Weirdness & Mutations

You are a venomous arachnid creature.
You have poisonous fangs.
You are tiny and dextrous.
Your spellcasting is less reliable in this form.
Your armour is entirely melded.
You are incapable of wielding weapons or throwing items.
((You can breathe bolts of dispelling energy.))
((Your rich purple scales are hard. (AC +6)))
You cannot fit into any form of body armour.
((You are cold-blooded and may be slowed by cold attacks.))


Message History

Edmund barely misses you.
You barely miss Edmund.
Edmund is lightly wounded.
Edmund hits you with a +5 dire flail of venom!
You hit Edmund but do no damage.
Edmund is poisoned.
Edmund is lightly wounded.
Edmund hits you with a +5 dire flail of venom!
You are lethally poisoned!
You hit Edmund but do no damage.
Edmund looks as sick as possible!
Edmund is lightly wounded.
You feel extremely sick.
Edmund hits you with a +5 dire flail of venom!
* * * LOW HITPOINT WARNING * * *
You feel better.
Edmund hits you with a +5 dire flail of venom.
* * * LOW HITPOINT WARNING * * *
You are lethally poisoned!
You feel better. Edmund closely misses you.
You hit Edmund.
Edmund looks as sick as possible!
Edmund is heavily wounded.
Edmund says, "People accused me of being a cutpurse!"
Edmund closely misses you.
You hit Edmund but do no damage.
Edmund looks as sick as possible!
Edmund is heavily wounded.
Edmund misses you.
You barely miss Edmund.
Edmund is heavily wounded.
Edmund hits you with a +5 dire flail of venom!
* * * LOW HITPOINT WARNING * * *
You are lethally poisoned!
You feel better.
Edmund hits you with a +5 dire flail of venom!
* * * LOW HITPOINT WARNING * * *
You are lethally poisoned!
Okay, then.
It was a potion of flight.
You feel very buoyant.
You fly up into the air.
You die...
Your body crumbles into a pile of gold.

###### #########....#######
##.....##...........#####
##........................
########.........................
.............(...................
########.........................
####........s................
##...........@................
#..##.........<.............[.
#............................. #
#....................(..#.##
####.#...........##.######.#...
###....#...........##.## #.<##.
.......................# ##.##.
....####.........##.##...# #....


You could see Edmund (extremely poisoned).

Vanquished Creatures
  2 ogres
  2 scorpions
  A jelly (D:3)
  An orc priest (D:4)
  An iguana (D:4)
  A centaur skeleton (D:4)
  2 hound skeletons (D:4)
  3 gnolls (D:4)
  8 adders
  A worm (D:4)
  5 dart slugs
  9 orcs
  7 bats
  9 endoplasms
  13 hobgoblins
  5 jackals
  3 quokkas
  7 ball pythons
  3 frilled lizards (D:1)
  6 goblins
  5 kobolds
  4 rats
98 creatures vanquished.

Vanquished Creatures (others)
  A fungus (D:1)
1 creature vanquished.

Grand Total: 99 creatures vanquished

Notes
Turn   | Place    | Note
-------+----------+-------------------------------------------
     0 | D:1      | Zeld the Draconian Transmuter began the quest for the Orb.
     0 | D:1      | Reached XP level 1. HP: 16/16 MP: 3/3
   247 | D:1      | Reached XP level 2. HP: 23/23 MP: 3/5
   516 | D:1      | Learned a level 2 spell: Wereblood
   811 | D:1      | Found a faded altar of an unknown god.
   914 | D:1      | Reached XP level 3. HP: 23/28 MP: 4/6
   918 | D:1      | Learned a level 3 spell: Spider Form
  1193 | D:1      | Reached skill level 1 in Poison Magic
  1802 | D:2      | Reached XP level 4. HP: 36/36 MP: 4/8
  2666 | D:3      | Reached skill level 3 in Spellcasting
  2666 | D:3      | Reached skill level 1 in Ice Magic
  2666 | D:3      | Reached XP level 5. HP: 26/41 MP: 6/9
  2673 | D:3      | Learned a level 4 spell: Ice Form
  2794 | D:3      | Found a broken altar of Ashenzari.
  3530 | D:4      | Noticed an ogre
  3557 | D:4      | Killed an ogre
  3558 | D:4      | Reached XP level 6. HP: 48/50 MP: 11/11
  3699 | D:4      | Found a staircase to the Ecumenical Temple.
  3866 | Temple   | Entered the Ecumenical Temple
  3927 | Temple   | Became a worshipper of Gozag Ym Sagoz the Greedy
  5857 | D:5      | Entered Level 5 of the Dungeon
  5875 | D:5      | Noticed Edmund
  6199 | D:5      | Reached skill level 4 in Spellcasting
  6199 | D:5      | Your scales start taking on a rich purple colour.
  6199 | D:5      | Reached XP level 7. HP: 47/57 MP: 12/14
  6207 | D:5      | Reached skill level 5 in Spellcasting
  6450 | D:5      | Learned a level 5 spell: Blade Hands
  6653 | D:5      | HP: 1/57 [Edmund/+5 dire flail of venom (15)]
  6988 | D:5      | Succumbed to Edmund's poison

Illustrated notes

Levels and vault maps discovered:
D:1:      dpeg_arrival_more_subterranean_lakeside_camping, layout_rooms,
          dreamdust_ecumenical_altar_hidden_monk_grotto
D:2:      layout_rooms
D:3:      layout_basic, mainiacjoe_overflow_six_doors_small
D:4:      layout_basic, minmay_temple_entry_gardened_gates, serial_corexii_hall,
          corexii_hall_statues_l, corexii_hall_statues_l,
          nicolae_underground_beach
D:5:      layout_rooms, uniq_edmund
Temple:   mainiacjoe_temple_cubbyholes

Skill      XL: |  1  2  3  4  5  6  7 |
---------------+----------------------+-----
Dodging        | 2 3 |  3.0
Poison Magic   | 1 2 |  2.0
Fighting       | 2 3 |  3.2
Spellcasting   | 3 4 5 |  5.2
Transmutations | 3 4 |  4.5
Ice Magic      | 1 2 |  2.0
Unarmed Combat | |  3.0

Action                   |  1- 3 |  4- 6 |  7- 9 || total
-------------------------+-------+-------+-------++-------
Melee: Unarmed           |   119 |   166 |    19 ||   304
       Kick              |    21 |    21 |       ||    42
       Tailslap          |    12 |    15 |     2 ||    29
       Headbutt          |    10 |     8 |     1 ||    19
       Punch             |     3 |     3 |     1 ||     7
 Cast: Beastly Appendage |    31 |    22 |     2 ||    55
       Spider Form       |     2 |    11 |     2 ||    15
Evoke: Wand              |       |     3 |       ||     3
  Use: Potion            |       |       |     6 ||     6
 Stab: Sleeping          |     1 |       |       ||     1
Armor: Skin              |    36 |    24 |       ||    60
Dodge: Dodged            |    74 |   113 |    15 ||   202
